 Dungeon Crawl Stone Soup version 0.22-a0-422-g9628fc8 (webtiles) character file.

7477 galech the Fighter (level 11, -1/92 HPs)
             Began as a Gnoll Wanderer on May 16, 2018.
             Was a Priest of Okawaru.
             Slain by a minotaur
             ... wielding a +1 short sword of draining
              (15 damage)
             ... in a labyrinth.
             The game lasted 00:26:37 (13492 turns).

galech the Fighter (Gnoll Wanderer)                Turns: 13492, Time: 00:26:37

Health: -1/92      AC: 19    Str: 14    XL:     11   Next: 15%
Magic:  19/19      EV: 16    Int: 15    God:    Okawaru [***...]
Gold:   739        SH:  7    Dex: 18    Spells: 20/21 levels left

rFire    + . .     SeeInvis +   S - +2 falchion (flame)
rCold    . . .     Gourm    .   d - +0 buckler
rNeg     . . .     Faith    .   Q - +0 chain mail {rF+}
rPois    +         Spirit   .   h - +0 helmet
rElec    .         Reflect  .   O - +2 cloak {rPois}
rCorr    .         Harm     .   (no gloves)
MR       .....                  k - +2 pair of boots
Stlth    ++........             (no amulet)
HPRegen  0.25/turn              F - +5 ring of evasion
MPRegen  0.16/turn              J - ring of see invisible

@: heroism, hasted, heavily drained, very quick
A: distributed training, fangs 1, strong nose
a: Heroism, Renounce Religion


You were in a labyrinth.
You worshipped Okawaru.
Okawaru was most pleased with you.
You were not hungry.

You visited 2 branches of the dungeon, and saw 13 of its levels.
You also visited: Labyrinth.

You collected 739 gold pieces.

Inventory:

Hand Weapons
 a - a +3 hand crossbow
 c - a +0 quarterstaff
 j - a +4 short sword
 E - a +2 short sword of electrocution
 M - a +1 vampiric spear
 S - a +2 falchion of flaming (weapon)
Missiles
 b - 32 bolts
Armour
 d - a +0 buckler (worn)
 h - a +0 helmet (worn)
 k - a +2 pair of boots (worn)
 G - a +3 leather armour
 O - a +2 cloak of poison resistance (worn)
 Q - a +0 chain mail of fire resistance (worn)
Jewellery
 A - an uncursed ring of protection from fire
 F - a +5 ring of evasion (left hand)
 J - a ring of see invisible (right hand)
Wands
 l - a wand of iceblast (7)
 o - a wand of polymorph (1)
 K - a wand of random effects (24)
 P - a wand of clouds (10)
Scrolls
 e - a scroll of fog
 m - 4 scrolls of remove curse
 q - a scroll of noise
 s - a scroll of blinking
 y - a scroll of magic mapping
 z - a scroll of random uselessness
 C - 2 scrolls of immolation
 I - a scroll of enchant weapon
 N - 2 scrolls of enchant armour
Potions
 i - 2 potions of agility {unknown}
 p - 3 potions of brilliance {unknown}
 r - 4 potions of curing {unknown}
 t - a potion of heal wounds {unknown}
 u - 3 potions of might {unknown}
 v - 3 potions of magic {unknown}
 w - 3 potions of berserk rage {unknown}
 x - 2 potions of mutation {unknown}
 B - 6 potions of flight {unknown}
 D - 5 potions of cancellation {unknown}
 H - a potion of degeneration
Comestibles
 g - 32 rations


   Skills:
 + Level 10.3(13.6) Fighting
 + Level 6.5(9.9) Short Blades
 + Level 5.9(9.4) Long Blades
 + Level 5.9(9.4) Axes
 + Level 5.9(9.4) Maces & Flails
 + Level 5.9(9.4) Polearms
 + Level 5.9(9.4) Staves
 + Level 5.9(9.4) Slings
 + Level 5.9(9.4) Bows
 + Level 7.5(10.9) Crossbows
 + Level 5.9(9.4) Throwing
 + Level 5.9(9.4) Armour
 + Level 5.9(9.4) Dodging
 + Level 7.3(10.7) Stealth
 + Level 6.5(9.9) Shields
 + Level 5.9(9.4) Unarmed Combat
 + Level 5.9(4.6) Spellcasting
 + Level 4.9(3.6) Conjurations
 + Level 4.9(3.6) Hexes
 + Level 4.9(3.6) Charms
 + Level 4.9(3.6) Summonings
 + Level 4.9(3.6) Necromancy
 + Level 4.9(3.6) Translocations
 + Level 4.9(3.6) Transmutations
 + Level 4.9(3.6) Fire Magic
 + Level 4.9(3.6) Ice Magic
 + Level 4.9(3.6) Air Magic
 + Level 4.9(3.6) Earth Magic
 + Level 4.9(3.6) Poison Magic
 + Level 6.5(5.1) Invocations
 + Level 5.9(4.6) Evocations


You had 20 spell levels left.
You knew the following spells:

 Your Spells              Type           Power        Failure   Level  Hunger
a - Corona                Hex            ##.....      50%         1    None

Your spell library contained the following spells:

 Spells                   Type           Power        Failure   Level  Hunger
 Confuse                  Hex            ##......     86%         3    ###....
 Tukima's Dance           Hex            ##......     86%         3    ###....
 Ensorcelled Hibernation  Hex/Ice        ##....       65%         2    ##.....
 Dazzling Spray           Conj/Hex       ##....       86%         3    ###....


Dungeon Overview and Level Annotations

Branches:
Dungeon (12/15)            Temple (1/1) D:7            Lair (0/6) D:10
    Orc (0/2) D:10

Altars:
Ashenzari
Cheibriados
Dithmenos
Elyvilon
Fedhas
Gozag
Hepliaklqana
Kikubaaqudgha
Makhleb
Nemelex Xobeh
Okawaru
Qazlal
Ru
Sif Muna
Trog
Uskayaw
Vehumet
Wu Jian
Xom
Yredelemnul
Zin
The Shining One

Shops:
D:8 *   D:10 =   D:12 (

Annotations:
D:9 2 runed doors


Innate Abilities, Weirdness & Mutations

Your experience applies equally to all skills.
You have very sharp teeth.
Your uncanny sense of smell can sniff out nearby items.


Message History

The minotaur is lightly wounded.
You block the minotaur's attack.
The minotaur gores you but does no damage.
You hit the minotaur but do no damage.
The minotaur is lightly wounded.
The minotaur hits you but does no damage.
You feel drained. The minotaur completely misses you.
You hit the minotaur but do no damage.
The minotaur is lightly wounded.
You block the minotaur's attack. The minotaur gores you.
You slash the minotaur! You burn the minotaur.
The minotaur is moderately wounded.
The minotaur hits you with an uncursed short sword of draining!!
* * * LOW HITPOINT WARNING * * *
You feel drained.
* * * LOW HITPOINT WARNING * * *
You block the minotaur's attack.
You feel yourself speed up.
The minotaur hits you with an uncursed short sword of draining!
You die...

#.## ..# # . #
#####..
.....###########
#..#8.8[8[8# #
#((...@H.<#.#
#.#8.8(8=8#.
.#########.# #
#..... . .. .
#.# .#... ...# .
.# # # # # #.. #
#. . .# ### #. .
#.###.# #...#.#
... #


You could see a minotaur.

Vanquished Creatures
  2 two-headed ogres
  Pikel (D:5)
  Maurice (D:8)
  A troll (D:4)
  2 hippogriffs (D:9)
  2 dream sheep (D:10)
  A wyvern (D:9)
  2 yaks (D:10)
  A hungry ghost (D:9)
  Grum (D:8)
  A water moccasin (D:7)
  2 orc warriors
  2 ice beasts
  2 phantoms
  4 ogres
  3 wolves
  2 centaurs
  A crocodile (D:8)
  3 big kobolds (D:10)
  4 bullfrogs
  3 scorpions
  4 vampire bats (D:4)
  5 howler monkeys
  4 crimson imps
  A centaur zombie (D:8)
  A hound (D:7)
  A quasit (D:8)
  8 orc priests
  4 jellies
  A bullfrog skeleton (D:4)
  A centaur skeleton (D:7)
  8 orc wizards
  2 iguanas
  8 worker ants
  A worker ant zombie (D:5)
  12 adders
  2 shadow imps
  2 oozes
  3 worms
  2 dart slugs
  6 leopard geckos
  46 orcs
  11 bats
  2 giant cockroaches
  16 hobgoblins
  12 jackals
  23 kobolds
  4 quokkas
  2 ball pythons
  6 frilled lizards
  14 goblins
  A leopard gecko zombie (D:7)
  2 quokka skeletons
  8 rats
264 creatures vanquished.

Vanquished Creatures (others)
  A slave (D:6)
  An iguana (D:6)
  A jackal (D:6)
3 creatures vanquished.

Grand Total: 267 creatures vanquished

Notes
Turn   | Place    | Note
-------+----------+-------------------------------------------
     0 | D:1      | galech the Gnoll Wanderer began the quest for the Orb.
     0 | D:1      | galech set off with: a +2 hand crossbow, 29 bolts, a +0 quarterstaff, a +0 buckler, a +0 robe, a +0 dagger, a ration
     0 | D:1      | Reached XP level 1. HP: 26/26 MP: 1/1
   145 | D:1      | Reached XP level 2. HP: 33/33 MP: 2/2
   576 | D:1      | Reached XP level 3. HP: 38/38 MP: 3/3
  1112 | D:2      | Reached skill level 1 in Invocations
  1202 | D:2      | Reached skill level 1 in Long Blades
  1202 | D:2      | Reached skill level 1 in Axes
  1202 | D:2      | Reached skill level 1 in Maces & Flails
  1202 | D:2      | Reached skill level 1 in Polearms
  1202 | D:2      | Reached skill level 1 in Staves
  1202 | D:2      | Reached skill level 1 in Slings
  1202 | D:2      | Reached skill level 1 in Bows
  1202 | D:2      | Reached skill level 1 in Throwing
  1202 | D:2      | Reached skill level 1 in Armour
  1202 | D:2      | Reached skill level 1 in Dodging
  1202 | D:2      | Reached skill level 1 in Unarmed Combat
  1202 | D:2      | Reached skill level 1 in Spellcasting
  1202 | D:2      | Reached skill level 1 in Evocations
  1269 | D:2      | Reached XP level 4. HP: 45/45 MP: 5/5
  2021 | D:3      | Reached skill level 1 in Conjurations
  2021 | D:3      | Reached skill level 1 in Hexes
  2021 | D:3      | Reached skill level 1 in Charms
  2021 | D:3      | Reached skill level 1 in Summonings
  2021 | D:3      | Reached skill level 1 in Necromancy
  2021 | D:3      | Reached skill level 1 in Translocations
  2021 | D:3      | Reached skill level 1 in Transmutations
  2021 | D:3      | Reached skill level 1 in Fire Magic
  2021 | D:3      | Reached skill level 1 in Ice Magic
  2021 | D:3      | Reached skill level 1 in Air Magic
  2021 | D:3      | Reached skill level 1 in Earth Magic
  2021 | D:3      | Reached skill level 1 in Poison Magic
  2219 | D:3      | Reached XP level 5. HP: 51/51 MP: 6/6
  2551 | D:3      | Found a faded altar of an unknown god.
  3243 | D:4      | Reached XP level 6. HP: 57/57 MP: 8/8
  3254 | D:4      | Reached skill level 5 in Crossbows
  3259 | D:4      | Learned a level 1 spell: Corona
  3562 | D:5      | Entered Level 5 of the Dungeon
  3628 | D:5      | Noticed a troll
  3900 | D:5      | Reached XP level 7. HP: 42/63 MP: 10/10
  4536 | D:5      | Reached skill level 5 in Stealth
  4626 | D:6      | Noticed Pikel
  4637 | D:5      | Reached skill level 9 in Fighting
  4665 | D:5      | Killed Pikel
  4665 | D:5      | Reached XP level 8. HP: 62/71 MP: 10/12
  6202 | D:6      | Reached XP level 9. HP: 35/76 MP: 14/14
  6443 | D:6      | Found a shadowy altar of Dithmenos.
  7311 | D:7      | Reached skill level 5 in Short Blades
  7311 | D:7      | Reached skill level 5 in Shields
  7539 | D:4      | Killed a troll
  8024 | D:7      | Found a basalt altar of Yredelemnul.
  8237 | D:7      | Found a staircase to the Ecumenical Temple.
  8242 | Temple   | Entered the Ecumenical Temple
  8350 | Temple   | Became a worshipper of Warmaster Okawaru
  8515 | D:8      | Noticed Maurice
  8673 | D:8      | Noticed Grum
  8710 | D:7      | Reached skill level 5 in Invocations
  8710 | D:7      | HP: 2/78 [wolf[Grum] (7)]
  9147 | D:8      | Noticed a two-headed ogre
  9172 | D:8      | Killed a two-headed ogre
  9172 | D:8      | Reached * piety under Okawaru
  9172 | D:8      | Reached XP level 10. HP: 34/85 MP: 15/17
  9190 | D:8      | Reached ** piety under Okawaru
  9504 | D:8      | Reached skill level 5 in Long Blades
  9504 | D:8      | Reached skill level 5 in Axes
  9504 | D:8      | Reached skill level 5 in Maces & Flails
  9504 | D:8      | Reached skill level 5 in Polearms
  9504 | D:8      | Reached skill level 5 in Staves
  9504 | D:8      | Reached skill level 5 in Slings
  9504 | D:8      | Reached skill level 5 in Bows
  9504 | D:8      | Reached skill level 5 in Throwing
  9504 | D:8      | Reached skill level 5 in Armour
  9504 | D:8      | Reached skill level 5 in Dodging
  9504 | D:8      | Reached skill level 5 in Unarmed Combat
  9504 | D:8      | Reached skill level 5 in Spellcasting
  9504 | D:8      | Reached skill level 5 in Evocations
  9792 | D:8      | Found Cuamiom's Assorted Antiques.
  9864 | D:8      | Killed Grum
 10258 | D:8      | Killed Maurice
 10258 | D:8      | Reached skill level 10 in Fighting
 10633 | D:9      | Found a runed door.
 10793 | D:9      | Found a runed door.
 11531 | D:9      | Noticed a two-headed ogre
 11554 | D:9      | Reached *** piety under Okawaru
 11575 | D:9      | Killed a two-headed ogre
 11871 | D:10     | Entered Level 10 of the Dungeon
 11912 | D:10     | Reached XP level 11. HP: 90/91 MP: 19/19
 11926 | D:10     | Found Xicogot's Jewellery Boutique.
 12178 | D:10     | Found a staircase to the Orcish Mines.
 12275 | D:10     | Found a staircase to the Lair.
 12840 | D:10     | You fall through a shaft for 2 floors!
 12840 | D:12     | Found Kuyw's Antique Weapon Shoppe.
 12842 | D:12     | Noticed a red ugly thing
 12860 | D:11     | Noticed a cyclops
 12865 | D:11     | Noticed a five-headed hydra
 12865 | D:11     | Noticed a two-headed ogre
 12877 | D:11     | Found a labyrinth entrance.
 12898 | Lab      | Entered a labyrinth
 13474 | Lab      | Noticed a minotaur
 13492 | Lab      | Slain by a minotaur

Vault maps used:
D:1:      saegor_arrival_simple_d, minmay_misc_feat_alley
D:2:      serial_glass, glass_columns_b, glass_columns_b, glass_columns_a,
          glass_columns_b
D:3:      chequers_ecumenical_altar_simple
D:4:      hangedman_decor_diamond_cutter, roderic_batcave
D:5:      first_ration
D:6:      moated_statue, grunt_dithmenos_smoke, uniq_pikel
D:7:      corexii_shantytown, lemuel_doored_altar,
          minmay_temple_entry_statues_pillars, serial_park_tiny_pond,
          hangedman_decor_clover_reticule
D:8:      serial_shops, shop, uniq_grum, uniq_maurice
D:9:      cheibrodos_histonic
D:10:     lair_entry_dummy, hiddenorc1_lemuel, serial_shops, shop,
          hangedman_ranch, evilmike_butchery, uniq_urug
D:11:     serial_shops, shop, lab_entry_generic, lightli_corner_chamber,
          uniq_psyche
D:12:     serial_shops, nicolae_shop_overgrown_old_shop
Temple:   kilobyte_greek_temple
Lab:      nicolae_lab_dead_adventurers, nicolae_lab_garden

Skill      XL: |  1  2  3  4  5  6  7  8  9 10 |
---------------+-------------------------------+-----
Invocations    | 1 2 3 4 5 6 |  6.5
Long Blades    | 1 2 3 4 5 |  5.9
Axes           | 1 2 3 4 5 |  5.9
Maces & Flails | 1 2 3 4 5 |  5.9
Polearms       | 1 2 3 4 5 |  5.9
Staves         | 1 2 3 4 5 |  5.9
Slings         | 1 2 3 4 5 |  5.9
Bows           | 1 2 3 4 5 |  5.9
Throwing       | 1 2 3 4 5 |  5.9
Armour         | 1 2 3 4 5 |  5.9
Dodging        | 1 2 3 4 5 |  5.9
Unarmed Combat | 1 2 3 4 5 |  5.9
Spellcasting   | 1 2 3 4 5 |  5.9
Evocations     | 1 2 3 4 5 |  5.9
Conjurations   | 1 2 3 4 |  4.9
Hexes          | 1 2 3 4 |  4.9
Charms         | 1 2 3 4 |  4.9
Summonings     | 1 2 3 4 |  4.9
Necromancy     | 1 2 3 4 |  4.9
Translocations | 1 2 3 4 |  4.9
Transmutations | 1 2 3 4 |  4.9
Fire Magic     | 1 2 3 4 |  4.9
Ice Magic      | 1 2 3 4 |  4.9
Air Magic      | 1 2 3 4 |  4.9
Earth Magic    | 1 2 3 4 |  4.9
Poison Magic   | 1 2 3 4 |  4.9
Short Blades   | 3 4 5 6 |  6.5
Shields        | 3 4 5 6 |  6.5
Crossbows      | 5 6 7 |  7.5
Stealth        | 5 6 7 |  7.3
Fighting       | 9 10 | 10.3

Action                   |  1- 3 |  4- 6 |  7- 9 | 10-12 || total
-------------------------+-------+-------+-------+-------++-------
Melee: Short sword       |       |       |   561 |   376 ||   937
       Bite              |       |       |    72 |    59 ||   131
       Unarmed           |       |       |    11 |     7 ||    18
       Falchion          |       |       |       |    55 ||    55
 Fire: Hand crossbow     |    84 |   134 |     3 |     2 ||   223
 Cast: Corona            |       |       |     2 |       ||     2
Invok: Heroism           |       |       |       |     4 ||     4
  Use: Scroll            |       |       |    15 |     7 ||    22
       Potion            |       |       |       |     1 ||     1
 Stab: Sleeping          |       |       |    16 |     5 ||    21
       Distracted        |       |       |     1 |     1 ||     2
  Eat: Chunk             |     1 |     8 |    14 |    14 ||    37
       Ration            |       |       |     1 |     1 ||     2
Armor: Robe              |     4 |    13 |       |       ||    17
       Ring mail         |       |       |    50 |       ||    50
       Leather armour    |       |       |    77 |    27 ||   104
       Chain mail        |       |       |       |    55 ||    55
       Skin              |       |       |       |     6 ||     6
Dodge: Dodged            |     9 |    40 |   377 |   209 ||   635
Block: Buckler           |     4 |     8 |   142 |    95 ||   249
       Rpst.: Falchion   |       |       |       |     9 ||     9

Table legend:
 A = Spawn XP
 B = Non-spawn XP
 C = Spawn XP percentage of total XP
 D = Spawn monster count
 E = Non-spawn monster count
 F = Spawn count percentage of total count
 G = Total turns spent on level
                    A         B        C        D         E        F      G
               +---------+---------+-------+---------+---------+-------+---------
         Total |       0 |   10682 |   0.0 |       0 |     265 |   0.0 | 13492
               +---------+---------+-------+---------+---------+-------+---------
           D:1 |       0 |      40 |   0.0 |       0 |      26 |   0.0 |   925
           D:2 |       0 |      69 |   0.0 |       0 |      23 |   0.0 |   886
           D:3 |       0 |      79 |   0.0 |       0 |      18 |   0.0 |   902
           D:4 |       0 |     706 |   0.0 |       0 |      21 |   0.0 |  1392
           D:5 |       0 |    1177 |   0.0 |       0 |      23 |   0.0 |  1697
           D:6 |       0 |     667 |   0.0 |       0 |      24 |   0.0 |  1363
           D:7 |       0 |    1405 |   0.0 |       0 |      59 |   0.0 |  1600
           D:8 |       0 |    2428 |   0.0 |       0 |      15 |   0.0 |  1998
           D:9 |       0 |    2554 |   0.0 |       0 |      24 |   0.0 |   961
          D:10 |       0 |    1509 |   0.0 |       0 |      30 |   0.0 |   969
          D:11 |       0 |      48 |   0.0 |       0 |       2 |   0.0 |    38
               +---------+---------+-------+---------+---------+-------+---------
